 Dungeon Sprint DCSS version 0.30-a0-596-g0af90f9a20 (webtiles) character file.

Game seed: 7855106081701395922

5908 rocky1 the Geomancer (level 10, -16/65 HPs)
             Began as a Deep Elf Earth Elementalist on Jan 7, 2023.
             Was a High Priest of Vehumet.
             Demolished by Urug
             ... wielding a +4 demon trident
              (30 damage)
             ... in the Dungeon (Sprint III: "The Ten Rune Challenge").
             The game lasted 00:07:37 (2227 turns).

rocky1 the Geomancer (Deep Elf Earth Elementalist)  Turns: 2227, Time: 00:07:37

Health: -16/65     AC:  3    Str:  5    XL:     10   Next: 53%
Magic:  25/30      EV: 17    Int: 25    God:    Vehumet [*****.]
Gold:   23         SH:  0    Dex: 15    Spells: 12/37 levels left

rFire   . . .      SeeInvis .    j - +4 quarterstaff (chaos)
rCold   . . .      Faith    .    (shield currently unavailable)
rNeg    . . .      Spirit   .    a - +0 robe
rPois   .          Reflect  .    (no helmet)
rElec   .          Harm     .    i - +0 cloak
rCorr   .          Rampage  .    (no gloves)
Will    +....      NoTele   +    (no boots)
Stlth   ++++                     (no amulet)
HPRegen 0.30/turn                (no ring)
MPRegen 0.22/turn                (no ring)

@: no status effects
A: no striking features
a: Renounce Religion


You were in the Dungeon.
You worshipped Vehumet.
Vehumet was extremely pleased with you.
You visited 1 branch You collected 23 gold pieces.

Inventory:

Hand Weapons
 j - a +4 quarterstaff of chaos (weapon)
 r - a +2 long sword of holy wrath
Armour
 a - a +0 robe (worn)
 i - a +0 cloak (worn)
Wands
 t - a wand of flame (16)
Scrolls
 h - 2 scrolls of fog {unknown}
 k - a scroll of poison {unknown}
 n - a scroll of immolation {unknown}
 o - a scroll of identify {unknown}
Potions
 b - 2 potions of magic
 c - a potion of curing
 e - a potion of haste
 f - a potion of berserk rage
 l - a potion of lignification {unknown}
 m - a potion of degeneration {unknown}
 p - 2 potions of flight
 q - 5 potions of mutation
 s - a potion of might


   Skills:
 + Level 8.5 Fighting
 + Level 9.5 Dodging
 + Level 10.3 Stealth
 + Level 14.4 Spellcasting
 + Level 8.2 Conjurations
 - Level 8.0 Transmutations
 + Level 4.2 Fire Magic
 + Level 4.4 Air Magic
 + Level 14.5 Earth Magic


You had 12 spell levels left.
You knew the following spells:

 Your Spells              Type           Power      Damage    Failure   Level
a - Sandblast             Erth           100%       2d20      0%          1
b - Stone Arrow           Conj/Erth      100%       3d13      1%          3
c - Petrify               Tmut/Erth      65%        N/A       1%          4
d - Passwall              Tmut/Erth      54%        N/A       1%          2
e - Airstrike             Air            20%        2d(3-19)  1%          4
f - Fireball              Conj/Fire      24%        3d11      1%          5
g - Iron Shot             Conj/Erth      33%        9d7       1%          6

Your spell library contained the following spells:

 Spells                   Type           Power      Damage    Failure   Level
 Beastly Appendage        Tmut           100%       N/A       1%          1
 Wereblood                Tmut           55%        N/A       1%          2
 Spider Form              Tmut/Pois      38%        N/A       1%          3
 Ensorcelled Hibernation  Hex/Ice        36%        N/A       4%          2
 Anguish                  Hex/Necr       9%         N/A       30%         4


Dungeon Overview and Level Annotations

Branches:
Dungeon (1/1)

Altars:
Cheibriados
Dithmenos
Elyvilon
Fedhas
Gozag
Hepliaklqana
Kikubaaqudgha
Makhleb
Nemelex Xobeh
Okawaru
Qazlal
Ru
Sif Muna
Trog
Uskayaw
Vehumet
Wu Jian
Xom
Yredelemnul
Zin
The Shining One
Jiyva
Lugonu

Annotations:
D Donald, Frances, Urug


Message History

Urug is heavily wounded.
Urug hits you from afar with a +4 demon trident!
Aiming: Iron Shot (dangerous; 1% risk of failure)
Press: ? - help, Q - select action, (/) - cycle Shift-Dir - straight line, f/p - Urug
Aim: Urug, wielding a +4 demon trident, wearing a +0 ring mail and quivering javelins (heavily wounded, 67% to hit)
The iron shot hits Urug!!!
Urug is almost dead.
Urug hits you from afar with a +4 demon trident!!
Aiming: Iron Shot (dangerous; 1% risk of failure)
Press: ? - help, Q - select action, (/) - cycle Shift-Dir - straight line, f/p - Urug
Aim: Urug, wielding a +4 demon trident, wearing a +0 ring mail and quivering javelins (almost dead, 67% to hit)
The iron shot misses Urug.
Urug hits you from afar with a +4 demon trident!
* * * LOW HITPOINT WARNING * * *
Aiming: Iron Shot (dangerous; 1% risk of failure)
Press: ? - help, Q - select action, (/) - cycle Shift-Dir - straight line, f/p - Urug
Aim: Urug, wielding a +4 demon trident, wearing a +0 ring mail and quivering javelins (almost dead, 67% to hit)
The iron shot misses Urug.
Urug hits you from afar with a +4 demon trident!
* * * LOW HITPOINT WARNING * * *
You don't have enough magic to cast this spell.
You don't have enough magic to cast this spell.
You feel much better.
Urug hits you from afar with a +4 demon trident!
* * * LOW HITPOINT WARNING * * *
Casting: Iron Shot (dangerous; 1% risk of failure)
Confirm with . or Enter, or press ? or * to list all spells.
Aiming: Stone Arrow (safe; 1% risk of failure)
Press: ? - help, Shift-Dir - straight line, f/p - Urug
Aim: Urug, wielding a +4 demon trident, wearing a +0 ring mail and quivering javelins (almost dead, 72% to hit)
The stone arrow misses Urug.
Urug throws a javelin.
The javelin pierces through you!
* * * LOW HITPOINT WARNING * * *
Blink to where?
Press: ? - help, Dir - move target, p - Urug
As you read the scroll of blinking, it crumbles to dust.
You feel better. Magic courses through your body.
Urug hits you from afar with a +4 demon trident!!
You die...

#.....#.):#__#...'##.#.#.##)#..##
##....#___#__'...#.).#..#..##..†^
▓▓▓▓▓▓▓▓▓▓▓▓▓▓▓▓▓▓▓▓▓▓▓▓▓▓▓▓▓▓#.
♣.....♣♣♣♣~~~........~~~...#.
♣.≈≈≈≈'♣♣÷♣≈≈≈≈≈≈≈≈≈≈≈≈♣♣P.'.
+.....#.~♣♣♣♣♣♣♣♣♣♣♣♣♣♣♣♣PP#.
♣♣♣♣♣♣#..♣♣ ♣♣♣## ###'♣♣♣♣♣ .
♣♣♣♣.##@.## #. ♣.†.##.##o# #@
♣♣.##.##†## ## ♣..#.##o ♣♣.##.##
♣♣.##.# ♣.....# #######


You could see Urug.

Vanquished Creatures
  Erolcha (D)
  A lindwurm (D)
  A deep elf pyromancer (D)
  2 cane toads (D)
  A rime drake (D)
  A komodo dragon (D)
  3 wandering mushrooms (D)
  2 tyrant leeches (D)
  A shadow (D)
  5 redbacks (D)
  A spatial vortex (D)
  A swamp drake (D)
  5 two-headed ogres (D)
  A necrophage (D)
  A water elemental (D)
  A jelly (D)
  Crazy Yiuf (D)
  A wizard (D)
  A necromancer (D)
  3 humans (D)
  A kobold demonologist (D)
  4 rats (D)
39 creatures vanquished.

Notes
Turn   | Place    | Note
-------+----------+-------------------------------------------
     0 | D        | rocky1 the Deep Elf Earth Elementalist began the quest for
                  | the Orb.
     0 | D        | Reached XP level 1. HP: 10/10 MP: 6/6
    77 | D        | Noticed Crazy Yiuf
    83 | D        | Killed Crazy Yiuf
    84 | D        | Reached skill level 5 in Spellcasting
    84 | D        | Reached XP level 2. HP: 15/15 MP: 6/10
    84 | D        | Reached XP level 3. HP: 19/19 MP: 6/11
   377 | D        | Learned a level 3 spell: Stone Arrow
   380 | D        | Noticed a water elemental
   383 | D        | Killed a water elemental
   384 | D        | Reached XP level 4. HP: 26/26 MP: 10/15
   419 | D        | Found a radiant altar of Vehumet.
   419 | D        | Found a shimmering blue altar of Sif Muna.
   419 | D        | Found an ancient bone altar of Kikubaaqudgha.
   419 | D        | Noticed a wizard
   421 | D        | Killed a wizard
   423 | D        | Reached XP level 5. HP: 27/32 MP: 13/17
   431 | D        | Became a worshipper of Vehumet
   444 | D        | Found a glowing silver altar of Zin.
   444 | D        | Found a glowing golden altar of the Shining One.
   444 | D        | Found a white marble altar of Elyvilon.
   444 | D        | Noticed a deep elf pyromancer
   447 | D        | Noticed a fire elemental
   448 | D        | Killed a deep elf pyromancer
   449 | D        | Reached skill level 5 in Fighting
   449 | D        | Reached skill level 10 in Spellcasting
   449 | D        | Reached XP level 6. HP: 16/40 MP: 5/21
   449 | D        | Reached XP level 7. HP: 17/44 MP: 5/23
   551 | D        | Learned a level 4 spell: Petrify
   552 | D        | Found a hide-covered altar of Uskayaw.
   552 | D        | Found an iron altar of Okawaru.
   552 | D        | Found a bloodstained altar of Trog.
   552 | D        | Found an ornate altar of the Wu Jian Council.
   552 | D        | Noticed a human
   552 | D        | Noticed a human
   555 | D        | Killed a human
   556 | D        | Reached skill level 1 in Conjurations
   560 | D        | Killed a human
   560 | D        | Reached * piety under Vehumet
   560 | D        | Offered knowledge of Magic Dart by Vehumet.
   669 | D        | Found a basalt altar of Yredelemnul.
   669 | D        | Found a shadowy altar of Dithmenos.
   669 | D        | Found a sacrificial altar of Ru.
   750 | D        | Noticed a shadow
   752 | D        | Killed a shadow
   752 | D        | Reached ** piety under Vehumet
   752 | D        | Offered knowledge of Kiss of Death by Vehumet.
   753 | D        | Reached XP level 8. HP: 51/51 MP: 17/25
   814 | D        | Found a blossoming altar of Fedhas.
   814 | D        | Found a stormy altar of Qazlal.
   814 | D        | Found a snail-covered altar of Cheibriados.
   814 | D        | Found a burning altar of Makhleb.
   814 | D        | Found a shimmering altar of Xom.
   815 | D        | Found a hazy altar of Hepliaklqana.
   815 | D        | Found an opulent altar of Gozag.
   815 | D        | Found a sparkling altar of Nemelex Xobeh.
   815 | D        | Found a corrupted altar of Lugonu.
   815 | D        | Found a viscous altar of Jiyva.
   818 | D        | Reached skill level 5 in Stealth
   866 | D        | Learned a level 2 spell: Passwall
   870 | D        | Reached skill level 5 in Dodging
   872 | D        | Reached *** piety under Vehumet
  1023 | D        | Noticed a two-headed ogre
  1028 | D        | Killed a two-headed ogre
  1028 | D        | Offered knowledge of Ignite Poison by Vehumet.
  1029 | D        | Reached skill level 5 in Transmutations
  1205 | D        | Noticed Erolcha
  1206 | D        | Noticed a two-headed ogre
  1209 | D        | Killed Erolcha
  1209 | D        | Offered knowledge of Olgreb's Toxic Radiance by Vehumet.
  1210 | D        | Reached skill level 5 in Conjurations
  1210 | D        | Reached XP level 9. HP: 40/57 MP: 14/27
  1213 | D        | Killed a two-headed ogre
  1213 | D        | Reached **** piety under Vehumet
  1520 | D        | Offered knowledge of Airstrike by Vehumet.
  1534 | D        | Learned a level 4 spell: Airstrike
  1539 | D        | Noticed a wandering mushroom
  1545 | D        | Killed a wandering mushroom
  1547 | D        | Noticed a wandering mushroom
  1549 | D        | Noticed a wandering mushroom
  1552 | D        | Killed a wandering mushroom
  1552 | D        | Reached ***** piety under Vehumet
  1553 | D        | Reached skill level 1 in Air Magic
  1555 | D        | Killed a wandering mushroom
  1555 | D        | Offered knowledge of Fireball by Vehumet.
  1562 | D        | Learned a level 5 spell: Fireball
  1632 | D        | Noticed Donald
  1632 | D        | Noticed Frances
  1680 | D        | Noticed a cane toad
  1680 | D        | Noticed a komodo dragon
  1680 | D        | Noticed a cane toad
  1684 | D        | Killed a cane toad
  1685 | D        | Reached skill level 1 in Fire Magic
  1685 | D        | Killed a cane toad
  1686 | D        | Reached XP level 10. HP: 53/64 MP: 20/29
  1956 | D        | Offered knowledge of Iron Shot by Vehumet.
  1985 | D        | Learned a level 6 spell: Iron Shot
  2046 | D        | Reached skill level 10 in Stealth
  2090 | D        | Noticed a lindwurm
  2093 | D        | Killed a lindwurm
  2218 | D        | Noticed Urug
  2222 | D        | HP: 1/65 [Urug/+4 demon trident (17)]
  2227 | D        | Demolished by Urug

Illustrated notes

Levels and vault maps discovered:
D:        dungeon_sprint_mu [sprint_mu_entry_cave, sprint_mu_temple_rooms,
          sprint_mu_d1_spiders, sprint_mu_d2_genie, sprint_mu_d3_branching,
          sprint_mu_orc_legion, sprint_mu_elf_gauntlet, sprint_mu_hive_nellie,
          sprint_mu_lair_fedhas, sprint_mu_vaults_butterflies,
          sprint_mu_slime_circle, sprint_mu_swamp_cave, sprint_mu_snake_twists,
          sprint_mu_blade_basic, sprint_mu_crypt_lich, sprint_mu_tomb_spiral,
          sprint_mu_vestibule_basic, sprint_mu_gehenna_hellfire,
          sprint_mu_dis_giant, sprint_mu_tartarus_statrot,
          sprint_mu_cocytus_islands, sprint_mu_zot1]

Skill      XL: |  1  2  3  4  5  6  7  8  9 10 |
---------------+-------------------------------+-----
Earth Magic    | 6 8 9 12 13 14 | 14.5
Spellcasting   | 5 7 10 11 12 13 14 | 14.4
Fighting       | 2 5 6 7 8 |  8.5
Dodging        | 4 6 8 9 |  9.5
Stealth        | 4 7 9 10 | 10.3
Conjurations   | 3 5 7 8 |  8.2
Transmutations | 3 6 7 8 |  8.0
Air Magic      | 2 4 |  4.4
Fire Magic     | 1 4 |  4.2

Action                   |  1- 3 |  4- 6 |  7- 9 | 10-12 || total
-------------------------+-------+-------+-------+-------++-------
 Cast: Sandblast         |    16 |     3 |     1 |       ||    20
       Stone Arrow       |       |     4 |    57 |    11 ||    72
       Iron Shot         |       |       |       |    14 ||    14
  Use: Potion            |       |       |       |     3 ||     3
       Scroll            |       |       |       |     1 ||     1
Armor: Robe              |       |       |     2 |       ||     2
Dodge: Dodged            |     5 |       |    21 |     6 ||    32

Table legend: (Time is in decaauts)
 A = Elapsed time spent in this place.
 B = Non-inter-level travel time spent in this place.
 C = Inter-level travel time spent in this place.
 D = Time resting spent in this place.
 E = Time spent auto-exploring this place.
 F = Levels seen in this place.
 G = Mean time per level.
                   A        B        C        D        E       F      G
               +--------+--------+--------+--------+--------+-----+--------+
         Total |   2244 |   2244 |      0 |   1759 |     36 |   1 | 2244.0 |
       Dungeon |   2244 |   2244 |      0 |   1759 |     36 |   1 | 2244.0 |
               +--------+--------+--------+--------+--------+-----+--------+

Top non-repeatable levels by time:
       D: 2244 daAuts
